 Dungeon Crawl Stone Soup version 0.29.0-13-gc9e81de378 (webtiles) character file.

Game seed: 11828469615054252759

123 Arum the Slasher (level 4, 0/40 HPs)
             Began as a Minotaur Gladiator on Sept 9, 2022.
             Slain by an ice beast (11 damage)
             ... on level 3 of the Dungeon.
             The game lasted 00:02:12 (2466 turns).

Arum the Slasher (Minotaur Gladiator)               Turns: 2466, Time: 00:02:12

Health: 0/40       AC:  4    Str: 19    XL:     4   Next: 80%
Magic:  3/3        EV: 13    Int:  5    God:
Gold:   122        SH:  0    Dex: 13    Spells: 3/3 levels left

rFire   . . .      SeeInvis .   a - +0 long sword
rCold   . . .      Faith    .   (no shield)
rNeg    . . .      Spirit   .   b - +0 leather armour
rPois   .          Reflect  .   c - +0 hat
rElec   .          Harm     .   (no cloak)
rCorr   .          Rampage  .   (no gloves)
Will    .....                   p - +0 pair of boots
Stlth   +.........              (no amulet)
HPRegen 0.13/turn               (no ring)
MPRegen 0.08/turn               (no ring)

@: no status effects
A: horns 2, retaliatory headbutt
a: no special abilities


You were on level 3 of the Dungeon.
You visited 1 branch of the dungeon, and saw 3 of its levels.

You collected 122 gold pieces.

Inventory:

Hand Weapons
 a - a +0 long sword (weapon)
Missiles
 d - 3 throwing nets (quivered)
 e - a javelin
Armour
 b - a +0 leather armour (worn)
 c - a +0 hat (worn)
 o - a +0 plate armour
 p - a +0 pair of boots (worn)
Scrolls
 f - 2 scrolls of teleportation {unknown}
 g - a scroll of torment {unknown}
 i - 3 scrolls of immolation {unknown}
 j - 2 scrolls of identify {unknown}
Potions
 h - a potion of might {unknown}
 k - a potion of flight {unknown}
 l - 2 potions of attraction {unknown}
 m - a potion of mutation {unknown}
 n - a potion of experience {unknown}


   Skills:
 + Level 4.0 Fighting
 + Level 4.9 Long Blades
 - Level 2.0 Throwing
 + Level 4.4 Dodging


You had 3 spell levels left.
You didn't know any spells.
Your spell library contained the following spells:

 Spells                   Type           Power      Damage    Failure   Level
 Tukima's Dance           Hex            0%         N/A       88%         3
 Passage of Golubria      Tloc           0%         N/A       99%         4
 Yara's Violent Unravell  Hex/Tmut       0%         3d3       100%        5


Dungeon Overview and Level Annotations

Branches:
Dungeon (3/15)

Altars:

Shops:
D:1 ?[


Innate Abilities, Weirdness & Mutations

You have a pair of horns on your head.
You reflexively headbutt those who attack you in melee.


Message History

Things that are here:
a +0 halberd; a gnoll corpse You now have 122 gold pieces (gained 18).
You see here a +0 halberd.
An ice beast comes into view.
An ice beast is nearby!
An ice beast is nearby!
You hit the ice beast.
The ice beast is lightly wounded.
The ice beast misses you.
You closely miss the ice beast.
You headbutt the ice beast, but do no damage.
The ice beast is lightly wounded.
The ice beast hits you. The ice beast freezes you.
You slash the ice beast!
The ice beast is moderately wounded.
The ice beast hits you. The ice beast freezes you!
You hit the ice beast. You headbutt the ice beast!
The ice beast is heavily wounded.
The ice beast completely misses you. The ice beast barely misses you.
You hit the ice beast.
The ice beast is severely wounded.
The ice beast misses you.
You hit the ice beast. Your headbutt misses the ice beast.
The ice beast is severely wounded.
The ice beast hits you. The ice beast freezes you!
* * * LOW HITPOINT WARNING * * *
You are too injured to fight recklessly!
You hit the ice beast. Your headbutt misses the ice beast.
The ice beast is almost dead.
The ice beast hits you but does no damage.
You hit the ice beast but do no damage.
The ice beast is almost dead.
The ice beast barely misses you.
You hit the ice beast.
The ice beast is almost dead.
The ice beast hits you.
* * * LOW HITPOINT WARNING * * *
The ice beast freezes you!
You die...

##.####)# ###
.#######.####.####.#
.....†...).........#
..######......##...#
#.###..##.#.#
#......#....# ###
#####.##..###....
#####.##..#.....#
#.....##.@..#
###.######Y####
#.....# #. #.....#
#. #.....# #.
#.....# #. #.....#
#. ####### #.


You could see an ice beast.

Vanquished Creatures
  4 gnolls
  3 adders
  2 orcs (D:3)
  6 ball pythons
  A bat (D:2)
  4 endoplasms
  5 giant cockroaches
  2 goblins (D:1)
  7 hobgoblins
  2 jackals (D:2)
  4 quokkas
  3 frilled lizards
  6 kobolds
  7 rats
56 creatures vanquished.

Notes
Turn   | Place    | Note
-------+----------+-------------------------------------------
     0 | D:1      | Arum the Minotaur Gladiator began the quest for the Orb.
     0 | D:1      | Reached XP level 1. HP: 18/18 MP: 0/0
   250 | D:1      | Found Atunn's Armour Emporium.
   327 | D:1      | Found Zemaxtem's Magic Scroll Emporium.
   345 | D:1      | Reached XP level 2. HP: 16/25 MP: 1/1
   781 | D:1      | Found a faded altar of an unknown god.
   808 | D:1      | You fall into a shaft and drop 1 floor!
   869 | D:2      | Reached XP level 3. HP: 28/31 MP: 2/2
  1813 | D:3      | Reached XP level 4. HP: 25/39 MP: 3/3
  2453 | D:3      | Noticed an ice beast
  2466 | D:3      | Slain by an ice beast

Illustrated notes

Levels and vault maps discovered:
D:1:      nzn_arrival_water_spiral, layout_basic, serial_shops, shop,
          nicolae_shop_trees, shop, shop, shop,
          shapermc_ecumenical_altar_mp_urbaneastern
D:2:      layout_loops_ring, minmay_quantized
D:3:      minmay_evil_eye, layout_loops_cross, minmay_cut_off

Skill      XL: |  1  2  3  4 |
---------------+-------------+-----
Long Blades    | 4 |  4.9
Fighting       | 3 4 |  4.0
Dodging        | 4 |  4.4
Throwing       | |  2.0

Action                   |  1- 3 |  4- 6 || total
-------------------------+-------+-------++-------
Melee: Long sword        |    89 |    35 ||   124
       Headbutt          |     8 |     4 ||    12
       Punch             |     1 |       ||     1
 Stab: Sleeping          |     1 |       ||     1
Armor: Leather armour    |    15 |     6 ||    21
Dodge: Dodged            |    66 |    26 ||    92
